Map: Ice and Chrome LE

Players

PashkaRU

  • Race: Protoss Protoss
  • League: Diamond
  • Spawn Location: 1:00

PIRATASKROOS - Winner!

  • Race: Terran Terran
  • League: Diamond
  • Spawn Location: 7:00

VOD

Have the link to the VOD?

Description

Time

  • Played on: July 4, 2020, 2:48 p.m.
  • Length: 6:14
Show
View Real Time Build Order
Export as new Build Order

PashkaRU Protoss 

Build Orders: 1 Gate Expand 

Get SALT Encoding   

  12  0:01  Probe  
  13  0:13  Probe  
  14  0:17  Pylon  
  14  0:25  Probe  
  15  0:34  Probe  
  15  0:38  Gateway  
  15  0:42  Probe  
  17  0:51  Probe  
  17  0:52  Assimilator  
  18  1:04  Probe  
  19  1:16  Probe  
  20  1:28  Probe  
  20  1:29  Nexus  
  21  1:37  Cybernetics Core  
  21  1:46  Probe  
  22  1:50  Pylon, Assimilator  
  22  1:58  Probe  
  23  2:10  Probe  
  23  2:12  Stalker  
  25  2:30  Probe  
  25  2:34  Warp Gate  
  25  2:35  Robotics Facility  
  26  2:40  Gateway  
  26  2:41  Pylon  
  26  2:48  Stalker  
  26  2:55  Probe  
  28  3:01  Probe  
  28  3:03  Probe  
  31  3:13  Probe x2  
  33  3:25  Probe x2  
  33  3:26  Immortal  
  35  3:53  Twilight Council  
  35  3:57  Gateway  
  35  3:59  Warp Prism  
  35  4:00  Gateway  
  35  4:09  Charge  
  37  4:19  Probe x2  
  39  4:31  Probe x2  
  39  4:37  Zealot x2  
  45  4:43  Probe x2  
  47  4:55  Gateway  
  47  4:56  Gateway  
  47  5:06  Zealot  
  47  5:07  Zealot x2  
  53  5:09  Pylon  
  53  5:11  Pylon  
  51  5:28  Immortal  
  55  5:32  Zealot x4  
  63  5:55  Zealot x3  
  63  5:56  Zealot  
Show
View Real Time Build Order
Export as new Build Order

PIRATASKROOS Terran - Winner!

Build Orders: Gas First Reaper Expand 

Get SALT Encoding   

  12  0:01  SCV  
  13  0:13  SCV  
  14  0:17  Supply Depot  
  14  0:25  SCV  
  15  0:28  Refinery  
  15  0:39  SCV  
  16  0:45  Barracks  
  16  0:53  SCV  
  17  1:02  Supply Depot  
  17  1:05  SCV  
  18  1:17  SCV  
  19  1:32  Orbital Command  
  19  1:33  Reaper  
  20  1:55  Command Center  
  20  1:58  SCV  
  21  2:05  Refinery  
  21  2:07  Barracks Reactor  
  21  2:12  SCV  
  22  2:22  Factory  
  22  2:24  SCV  
  23  2:31  Supply Depot  
  23  2:36  SCV  
  24  2:43  Marine  
  25  2:44  Marine  
  25  2:48  SCV  
  27  2:56  Supply Depot  
  27  3:00  SCV  
  27  3:01  Marine  
  27  3:02  Marine  
  30  3:06  Orbital Command  
  30  3:09  Factory Tech Lab  
  31  3:12  SCV  
  31  3:17  Starport  
  31  3:19  Marine  
  32  3:26  Orbital Command  
  32  3:31  Marine, SCV  
  33  3:37  Marine  
  33  3:38  Siege Tank  
  37  3:44  SCV  
  38  3:49  Marine  
  38  3:52  Supply Depot  
  38  3:54  Medivac  
  38  3:55  Marine  
  42  3:56  SCV  
  42  3:58  SCV  
  44  4:09  Marine, SCV  
  46  4:10  SCV  
  46  4:16  Siege Tank  
  50  4:21  SCV, Supply Depot  
  50  4:22  Marine, SCV  
  53  4:28  Starport Tech Lab  
  53  4:33  SCV  
  53  4:34  SCV, Refinery  
  53  4:35  Marine  
  56  4:44  Refinery  
  56  4:45  SCV  
  57  4:46  SCV  
  57  4:48  Siege Tank, Supply Depot  
  61  4:56  Raven  
  61  4:57  SCV  
  61  4:59  SCV  
  65  5:09  SCV  
  65  5:11  SCV  
  66  5:21  SCV  
  66  5:23  SCV  
Tags
 
Add a new tag
Caveats
  • Supply blocks, unpowered buildings, or Contaminate may cause inaccurate times.
  • Supply counts are checked every 10 seconds.